Map: New Gettysburg LE

Players

Welmu - Winner!

  • Race: Protoss Protoss

MaNa

  • Race: Protoss Protoss

Event: 2016 WCS Summer Circuit Championship (DH Montreal)

VOD

Have the link to the VOD?

Description

Time

  • Played on: Aug. 13, 2016, 1:03 p.m.
  • Length: 9:59

All games in this series

Show
View Real Time Build Order
Export as new Build Order

Welmu Protoss - Winner!

Build Orders: Zealot Archon 

Get SALT Encoding   

  12  0:00  Probe (Chrono Boost)  
  13  0:11  Probe (Chrono Boost)  
  14  0:17  Pylon  
  14  0:22  Probe (Chrono Boost)  
  15  0:36  Probe (Chrono Boost)  
  15  0:37  Gateway  
  16  0:45  Assimilator  
  16  0:46  Probe (Chrono Boost)  
  17  0:52  Assimilator  
  18  0:57  Probe (Chrono Boost)  
  18  1:07  Probe (Chrono Boost)  
  18  1:09  Gateway  
  19  1:18  Probe (Chrono Boost)  
  20  1:23  Cybernetics Core  
  20  1:28  Probe (Chrono Boost)  
  20  1:31  Pylon  
  21  1:39  Probe (Chrono Boost)  
  22  1:45  Warp Gate  
  22  1:50  Probe (Chrono Boost)  
  23  2:00  Adept x2  
  27  2:06  Mothership Core (Chrono Boost)  
  29  2:10  Pylon  
  29  2:35  Sentry  
  31  2:40  Nexus  
  31  2:48  Stalker  
  33  2:55  Probe (Chrono Boost)  
  34  2:59  Pylon  
  35  3:07  Probe (Chrono Boost)  
  35  3:19  Probe (Chrono Boost)  
  34  3:22  Robotics Facility  
  32  3:31  Probe (Chrono Boost)  
  33  3:43  Probe (Chrono Boost)  
  33  3:48  Sentry, Stalker  
  38  3:52  Probe (Chrono Boost)  
  38  3:54  Probe (Chrono Boost)  
  41  4:03  Probe (Chrono Boost)  
  41  4:05  Probe (Chrono Boost), Immortal  
  42  4:13  Probe (Chrono Boost), Sentry  
  50  4:17  Probe (Chrono Boost)  
  50  4:18  Pylon  
  50  4:24  Probe (Chrono Boost)  
  51  4:29  Probe (Chrono Boost)  
  52  4:34  Probe (Chrono Boost)  
  53  4:39  Immortal, Forge  
  53  4:41  Probe (Chrono Boost)  
  53  4:45  Probe (Chrono Boost), Assimilator  
  59  4:51  Pylon  
  60  4:53  Probe (Chrono Boost)  
  60  4:55  Probe (Chrono Boost)  
  60  4:56  Twilight Council  
  61  5:06  Probe x2 (Chrono Boost)  
  63  5:09  Protoss Ground Weapons Level 1  
  63  5:13  Warp Prism  
  63  5:19  Resonating Glaives  
  63  5:20  Gateway  
  65  5:21  Gateway  
  65  5:31  Gateway  
  65  5:35  Gateway  
  65  5:40  Gateway  
  65  5:47  Observer  
  66  5:57  Nexus  
  66  5:59  Pylon  
  66  6:02  Templar Archives  
  66  6:05  Immortal  
  70  6:30  Adept x4  
  78  6:35  Pylon  
  78  6:36  Pylon  
  78  6:37  Pylon  
  78  6:41  High Templar  
  78  6:42  Probe x2 (Chrono Boost)  
  78  6:43  High Templar  
  84  6:49  Archon  
  84  6:54  Probe (Chrono Boost), Adept x3  
  91  6:58  Pylon  
  91  7:03  Adept x2  
  95  7:19  Adept x3  
  95  7:20  Adept x2  
  105  7:37  Adept x2  
  105  7:43  Probe (Chrono Boost)  
  112  7:45  Probe x2 (Chrono Boost)  
  112  7:51  Adept, Assimilator  
  112  7:52  Adept x3  
  112  7:53  Observer  
  112  7:54  Probe (Chrono Boost)  
  112  7:56  Assimilator  
  112  7:57  Probe x2 (Chrono Boost)  
  124  8:05  Probe (Chrono Boost)  
  125  8:09  Probe x2 (Chrono Boost)  
  125  8:11  Adept x3  
  133  8:36  Pylon  
  133  8:37  Pylon  
  133  8:39  Pylon  
  133  8:41  Photon Cannon  
  133  8:42  Pylon  
  133  8:43  Photon Cannon  
  133  8:44  Photon Cannon  
  133  8:57  Adept, High Templar x2  
  133  8:58  Adept x4  
  133  9:02  Archon  
  147  9:07  Gateway  
  147  9:16  Probe x2 (Chrono Boost)  
  149  9:19  Adept x4  
  149  9:20  Adept  
  159  9:31  Adept x2  
Show
View Real Time Build Order
Export as new Build Order

MaNa Protoss 

Build Orders:  

Get SALT Encoding   

  12  0:00  Probe (Chrono Boost)  
  13  0:11  Probe (Chrono Boost)  
  14  0:20  Pylon  
  14  0:22  Probe (Chrono Boost)  
  15  0:38  Probe (Chrono Boost)  
  15  0:39  Gateway  
  16  0:43  Assimilator  
  16  0:49  Probe (Chrono Boost)  
  17  0:59  Probe (Chrono Boost)  
  17  1:00  Assimilator  
  18  1:06  Gateway  
  18  1:10  Probe (Chrono Boost)  
  19  1:20  Probe (Chrono Boost)  
  20  1:26  Cybernetics Core  
  20  1:31  Probe (Chrono Boost)  
  21  1:38  Pylon  
  21  1:41  Probe (Chrono Boost)  
  22  1:52  Probe (Chrono Boost)  
  23  2:03  Warp Gate, Mothership Core (Chrono Boost)  
  29  2:14  Nexus  
  25  2:20  Stalker  
  27  2:26  Stalker  
  29  2:42  Pylon  
  29  2:51  Stalker  
  29  2:56  Stalker  
  29  3:14  Probe (Chrono Boost)  
  28  3:24  Probe (Chrono Boost)  
  28  3:28  Probe (Chrono Boost)  
  29  3:35  Probe (Chrono Boost)  
  29  3:38  Probe (Chrono Boost)  
  30  3:46  Probe (Chrono Boost)  
  31  3:49  Probe (Chrono Boost)  
  32  3:56  Probe (Chrono Boost)  
  33  4:03  Probe (Chrono Boost), Robotics Facility  
  33  4:07  Probe (Chrono Boost)  
  35  4:10  Sentry  
  35  4:12  Sentry  
  35  4:14  Probe (Chrono Boost)  
  40  4:17  Probe (Chrono Boost)  
  41  4:25  Probe (Chrono Boost)  
  41  4:28  Probe (Chrono Boost)  
  43  4:35  Probe (Chrono Boost)  
  43  4:37  Pylon  
  44  4:39  Probe (Chrono Boost)  
  45  4:46  Probe (Chrono Boost)  
  45  4:48  Adept  
  45  4:49  Probe (Chrono Boost)  
  45  4:51  Observer  
  45  4:52  Adept  
  52  4:56  Probe (Chrono Boost)  
  54  5:00  Probe (Chrono Boost)  
  54  5:05  Forge  
  55  5:07  Probe (Chrono Boost)  
  55  5:11  Probe (Chrono Boost), Immortal  
  60  5:21  Pylon  
  60  5:22  Probe (Chrono Boost)  
  60  5:23  Probe (Chrono Boost)  
  60  5:26  Protoss Ground Weapons Level 1  
  62  5:38  Twilight Council  
  62  5:39  Probe (Chrono Boost)  
  62  5:41  Probe (Chrono Boost), Adept x2  
  68  5:49  Pylon  
  68  5:50  Probe (Chrono Boost)  
  68  5:53  Probe (Chrono Boost)  
  70  6:02  Resonating Glaives  
  70  6:07  Probe (Chrono Boost)  
  70  6:09  Probe (Chrono Boost)  
  72  6:15  Gateway  
  72  6:16  Gateway  
  72  6:17  Gateway  
  72  6:21  Gateway  
  72  6:29  Probe (Chrono Boost)  
  72  6:32  Nexus  
  70  6:35  Pylon  
  70  6:41  Pylon  
  70  6:53  Immortal  
  76  6:55  Probe x2 (Chrono Boost), Assimilator  
  76  7:03  Dark Shrine  
  76  7:07  Probe (Chrono Boost)  
  77  7:13  Adept x3  
  77  7:14  Adept  
  85  7:21  Protoss Ground Weapons Level 2  
  85  7:22  Pylon  
  85  7:23  Pylon  
  85  7:41  Pylon  
  85  7:46  Assimilator, Pylon  
  85  7:49  Pylon  
  85  7:58  Warp Prism  
  85  8:01  Adept x3  
  85  8:03  Pylon  
  85  8:04  Pylon  
  87  8:15  Dark Templar x2  
  87  8:19  Nexus  
  91  8:21  Pylon  
  91  8:26  Adept  
  91  8:27  Adept x3  
  99  8:44  Pylon  
  99  8:48  Pylon  
  99  8:49  Immortal  
  99  8:50  Pylon  
  99  8:52  Probe (Chrono Boost)  
  104  8:59  Robotics Bay  
  104  9:05  Probe x2 (Chrono Boost)  
  106  9:20  Probe x2 (Chrono Boost)  
  108  9:29  Dark Templar x3  
Tags
 
Add a new tag
Caveats
  • Supply blocks, unpowered buildings, or Contaminate may cause inaccurate times.
  • Supply counts are checked every 10 seconds.